 Dungeon Crawl Stone Soup version 0.19-a0-1823-g21c7ecd (webtiles) character file.

3509 Cirk the Spear-Bearer (level 10, 0/58 HPs)
             Began as a Tengu Gladiator on Oct 7, 2016.
             Was a Priest of Yredelemnul.
             Slain by a wyvern (9 damage)
             ... on level 9 of the Dungeon.
             The game lasted 00:14:25 (10307 turns).

Cirk the Spear-Bearer (Tengu Gladiator)            Turns: 10307, Time: 00:14:26

Health: 0/58       AC: 11    Str: 13 (16) XL:     10   Next: 7%
Magic:  11/11      EV:  8    Int: 10      God:    Yredelemnul [***...]
Gold:   488        SH:  0    Dex: 14      Spells: 0 memorised, 9 levels left

rFire  . . .     SeeInvis .     z - +9 sword of Zonguldrok {reap}
rCold  . . .     Gourm    .     A - +0 chain mail
rNeg   . . .     Faith    .     (no shield)
rPois  .         Spirit   .     k - +2 hat {MR+}
rElec  .         Dismiss  .     (no cloak)
rCorr  .         Reflect  .     (no gloves)
MR     +....     Harm     .     (boots unavailable)
Stlth  ..........               (no amulet)
                                (no ring)
                                (no ring)

@: no status effects
A: beak, talons 3, deterioration 1, dopey 1, wild magic 1, able to fly 1
a: Fly, Recall Undead Slaves, Injury Mirror, Animate Dead, Renounce Religion


You were on level 9 of the Dungeon.
You worshipped Yredelemnul.
Yredelemnul was most pleased with you.
You were not hungry.

You visited 1 branch of the dungeon, and saw 9 of its levels.

You collected 637 gold pieces.
You spent 149 gold pieces at shops.

Inventory:

Hand Weapons
 z - the +9 sword of Zonguldrok (weapon) {reap}
   (You found it on level 7 of the Dungeon)

   If a monster killed with it leaves a corpse in good enough shape, the corpse
   will be animated as a zombie friendly to the killer.
Armour
 k - a +2 hat of magic resistance (worn)
 v - a cursed +0 shield
 A - a +0 chain mail (worn)
Wands
 h - a wand of disintegration (11/24)
 n - a wand of iceblast (10/15)
 t - a wand of lightning (2/15)
 x - a wand of digging (10/24)
 y - a wand of disintegration (11/24)
Scrolls
 b - 2 scrolls of recharging
 d - 4 scrolls of identify
 e - 3 scrolls of remove curse
 f - a scroll of teleportation
 r - 2 scrolls of magic mapping
 u - a scroll of fear
Potions
 a - a potion of might
 i - a potion of curing
 j - 2 potions of ambrosia
 o - a potion of flight
 q - a potion of degeneration
 s - 2 potions of cancellation {unknown}
Comestibles
 c - 2 beef jerkies
 l - a slice of pizza
 m - a fruit
 w - 3 meat rations


   Skills:
 + Level 4.4 Fighting
 * Level 5.0 Long Blades
   Level 12.4 Polearms
 - Level 2.0 Throwing
 + Level 3.8 Armour
 + Level 5.6 Dodging


You had 9 spell levels left.
You didn't know any spells.

Dungeon Overview and Level Annotations

Branches:
Dungeon (9/15)             Temple (0/1) D:4
   Lair: D:8-11         Orc: D:9-12

Altars:
Hepliaklqana
Kikubaaqudgha
Makhleb
Nemelex Xobeh
Qazlal
Ru
Vehumet
Yredelemnul

Shops:
D:6 ?

Annotations:
D:6 Eustachio


Innate Abilities, Weirdness & Mutations

You have a beak for a mouth.
You have claws for feet.
You can fly.
Your body sometimes deteriorates upon taking damage.
You are dopey. (Int -2)
Your spells are a little harder to cast, but a little more powerful.


Message History

The wyvern bites you but does no damage. x2
Unknown command.
You swap places.
The wyvern bites your orc priest zombie!
Your orc priest zombie is destroyed!
Items here: ))) [ † a war axe; a ring mail; a flail x2; an orc corpse Unknown command.
You hit the wyvern. You claw the wyvern, but do no damage.
Your peck misses the wyvern.
The wyvern is almost dead.
The wyvern barely misses you. The wyvern bites you.
* * * LOW HITPOINT WARNING * * *
Unknown command.
You closely miss the wyvern. Your kick misses the wyvern.
Your peck misses the wyvern.
The wyvern is almost dead.
The wyvern bites you!
You die...
Your body rises from the dead as a mindless zombie.

.h.........'.......ZZ.Z
#.........####..Z#####
#l......# ##.Z### #.....#
##...# #...# ###.# #'# #Z#
#h# #Z# #####l#### #.#
#....@...# #.#
########.##.....#########.#
..............#.....ZZ....#
########.##.....###########
#.##..#..# #Z##.##..#
#Z##.....# #Z######.#
#.Z.ZZ.Z.#


You could see a wyvern and a hound.

Vanquished Creatures
  Pikel (D:6)
  3 yaks (D:9)
  A steam dragon (D:9)
  2 sky beasts
  An ice beast (D:6)
  A slave (D:6)
  A centaur (D:9)
  2 phantoms
  5 ogres
  A big kobold (D:8)
  2 bullfrogs
  2 scorpions
  3 wights (D:7)
  2 howler monkeys
  3 crimson imps
  A jelly (D:7)
  2 bullfrog zombies
  4 hounds
  2 centaur skeletons
  4 orc priests
  A bullfrog skeleton (D:6)
  3 worker ants (D:5)
  5 iguanas
  3 orc wizards
  A hound zombie (D:5)
  A hound skeleton (D:5)
  A howler monkey zombie (D:6)
  Robin (D:4)
  A worker ant zombie (D:6)
  9 adders
  A shadow imp (D:6)
  An adder skeleton (D:8)
  An adder zombie (D:6)
  7 worms
  3 dart slugs
  3 leopard geckos
  10 orcs
  3 ball pythons
  3 giant cockroaches
  12 hobgoblins
  15 jackals
  4 quokkas
  10 bats
  8 frilled lizards
  13 goblins
  A jackal zombie (D:5)
  16 kobolds
  9 rats
  A fungus (D:3)
190 creatures vanquished.

Vanquished Creatures (collateral kills)
  2 orcs
  3 kobolds (D:8)
5 creatures vanquished.

Vanquished Creatures (others)
  A slave (D:9)
  An adder zombie (D:9)
2 creatures vanquished.

Grand Total: 197 creatures vanquished

Notes
Turn   | Place    | Note
-------+----------+-------------------------------------------
     0 | D:1      | Cirk the Tengu Gladiator began the quest for the Orb.
     0 | D:1      | Reached XP level 1. HP: 12/12 MP: 2/2
    91 | D:1      | Reached XP level 2. HP: 17/17 MP: 3/3
    95 | D:1      | Reached skill level 4 in Polearms
   313 | D:1      | Reached XP level 3. HP: 21/21 MP: 4/4
   536 | D:2      | Reached skill level 5 in Polearms
   985 | D:2      | Reached XP level 4. HP: 22/26 MP: 5/5
  1255 | D:2      | Found a sparkling altar of Nemelex Xobeh.
  1297 | D:2      | Found a hazy altar of Hepliaklqana.
  1372 | D:2      | Found a sacrificial altar of Ru.
  1516 | D:2      | Found a basalt altar of Yredelemnul.
  1536 | D:2      | Became a worshipper of Yredelemnul the Dark
  2275 | D:3      | Reached skill level 6 in Polearms
  2281 | D:3      | Found an ancient bone altar of Kikubaaqudgha.
  2463 | D:3      | Gained mutation: You can fly. [Tengu growth]
  2463 | D:3      | Reached XP level 5. HP: 15/30 MP: 6/6
  3062 | D:3      | Found a radiant altar of Vehumet.
  3277 | D:4      | Noticed an ogre
  3286 | D:4      | Killed an ogre
  3286 | D:4      | Reached skill level 7 in Polearms
  3342 | D:4      | Found a staircase to the Ecumenical Temple.
  3368 | D:4      | Reached XP level 6. HP: 35/35 MP: 7/7
  3440 | D:4      | Noticed Robin
  3458 | D:4      | Killed Robin
  3464 | D:4      | Reached * piety under Yredelemnul
  3917 | D:5      | Entered Level 5 of the Dungeon
  4208 | D:5      | Reached skill level 8 in Polearms
  4309 | D:5      | Reached XP level 7. HP: 6/40 MP: 8/8
  4728 | D:5      | Reached skill level 9 in Polearms
  5289 | D:5      | Found a stormy altar of Qazlal.
  5355 | D:5      | Reached skill level 10 in Polearms
  5481 | D:6      | Reached ** piety under Yredelemnul
  5481 | D:6      | Reached XP level 8. HP: 41/44 MP: 9/9
  5501 | D:6      | Found a burning altar of Makhleb.
  5532 | D:6      | Noticed Eustachio
  5542 | D:6      | Noticed Pikel
  5761 | D:6      | Gained mutation: Your body sometimes deteriorates upon taking damage. [potion of mutation]
  5761 | D:6      | Gained mutation: You are dopey. (Int -2) [potion of mutation]
  5761 | D:6      | Gained mutation: Your spells are a little harder to cast, but a little more powerful. [potion of mutation]
  5803 | D:6      | Killed Pikel
  5803 | D:6      | Reached skill level 11 in Polearms
  6212 | D:6      | Found Cuz Punk's Magic Scroll Shoppe.
  6219 | D:6      | Bought a scroll of identify for 26 gold pieces
  6219 | D:6      | Bought a scroll of identify for 26 gold pieces
  6219 | D:6      | Bought a scroll of enchant weapon for 97 gold pieces
  6621 | D:7      | Reached skill level 12 in Polearms
  6791 | D:7      | Reached XP level 9. HP: 36/48 MP: 10/10
  7074 | D:7      | Reached skill level 1 in Armour
  8384 | D:7      | Reached skill level 1 in Long Blades
  8539 | D:8      | Reached *** piety under Yredelemnul
  9056 | D:8      | Noticed a cyclops
  9067 | D:8      | You fall through a shaft!
  9519 | D:9      | Reached skill level 5 in Dodging
  9839 | D:8      | Reached XP level 10. HP: 19/57 MP: 9/11
 10300 | D:9      | Reached skill level 5 in Long Blades
 10307 | D:9      | Slain by a wyvern

Vault maps used:
D:1:      dpeg_arrival_rooms_c
D:2:      kennysheep_big_flooded_room, overflow_temple_1_default,
          nemelex_altar_shiori, lemuel_coloured_pillars_altar,
          lemuel_crystal_altar, first_bread, kennysheep_generic_room_2
D:3:      kiku_gazebo_pond_becter, lemuel_doored_altar, minmay_gold_behind_fungi
D:4:      uniq_robin
D:5:      kennysheep_mini, corexii_leaking_fountain, nicolae_sextant
D:6:      serial_shops, shop, makhleb_heckhound_becter, uniq_eustachio,
          uniq_pikel
D:8:      lair_0_dummy
D:9:      overflow_temple_1_default, uniq_erolcha

Skill      XL: |  1  2  3  4  5  6  7  8  9 10 |
---------------+-------------------------------+-----
Polearms       | 4 5 6 7 8 10 12 | 12.4
Armour         | 3 |  3.8
Dodging        | 5 |  5.6
Fighting       | 4 |  4.4
Long Blades    | 4 5 |  5.0
Throwing       | |  2.0

Action                   |  1- 3 |  4- 6 |  7- 9 | 10-12 || total
-------------------------+-------+-------+-------+-------++-------
Melee: Trident           |    89 |   230 |   280 |       ||   599
       Peck              |     7 |    26 |    61 |     5 ||    99
       Kick              |    17 |    51 |    76 |    10 ||   154
       Unarmed           |       |       |    16 |       ||    16
       Double sword      |       |       |    79 |    26 ||   105
Throw: Throwing net      |       |     5 |     1 |       ||     6
Invok: Injury Mirror     |       |       |     1 |       ||     1
 Abil: Fly               |       |       |     1 |       ||     1
Evoke: Wand              |       |       |     6 |     1 ||     7
  Use: Scroll            |       |    11 |    12 |       ||    23
       Potion            |       |     1 |     7 |       ||     8
 Stab: Held in net/web   |       |     1 |     2 |       ||     3
  Eat: Chunk             |       |     5 |     3 |       ||     8
       Beef jerky        |       |     1 |       |       ||     1
       Bread ration      |       |     1 |     3 |     1 ||     5
Armor: Leather armour    |     4 |       |       |       ||     4
       Ring mail         |    24 |    66 |    37 |       ||   127
       Chain mail        |       |       |    79 |    11 ||    90
Dodge: Dodged            |    52 |   123 |   109 |    12 ||   296
       Rpst.: Double sword |       |       |     7 |     2 ||     9
